Cogmind - Beta 9.6 @@@ ROGUE MODE // 2020.06.04 @ 19:54:50 Player: mecharm Result: Destroyed by G-34 Mercenary with Small Laser Performance ------------- Evolutions (1) 500 Regions Visited (2) 400 Robots Destroyed (30) 150 Value Destroyed (959) 959 Prototype IDs (2) 40 Alien Tech Used (0) 0 Bonus (0) 0 TOTAL SCORE: 2049 Bonus ------- None Cogmind --------- Core Integrity 0/400 Matter 5/300 Energy 99/100 System Corruption 2% Temperature Cool (6) Movement Core (300) Ox5 Location -9/Materials Parts ------- > --- POWER (1) -------- (None) > --- PROPULSION (2) --- (None) > --- UTILITY (4) ------ Medium Storage Unit Medium Storage Unit Improved Targeting Computer > --- WEAPON (2) ------- (None) > --- INVENTORY (12) --- Light Ion Engine Aluminum Leg Improved Targeting Computer Improved Targeting Computer Improved Targeting Computer Medium Armor Plating Hardened Light Armor Plating Grenade Launcher Peak State ------------ > --- POWER ------------ Light Nuclear Core > --- PROPULSION ------- Aluminum Leg Aluminum Leg > --- UTILITY ---------- Medium Storage Unit Medium Storage Unit > --- WEAPON ----------- Shotgun Shotgun > --- INVENTORY -------- Light Ion Engine Aluminum Leg Aluminum Leg Improved Targeting Computer Improved Targeting Computer Improved Targeting Computer Improved Targeting Computer Medium Laser Small Laser Assault Rifle Shotgun Shotgun [Rating: 12] Favorites ----------- Power Ion Engine Engine Ion Engine Power Core Light Nuclear Core Propulsion Aluminum Leg Leg Aluminum Leg Utility Medium Storage Unit Storage Medium Storage Unit Processor Improved Targeting Computer Protection Light Armor Plating Weapon Grenade Launcher Energy Gun Particle Gun Ballistic Gun Shotgun Launcher Grenade Launcher Special Weapon Mining Laser Build | -11 -10 -9 ------- Run | Scr Mat Mat Slots Evolved 2 | . . 2 Power . | . . . Propulsion . | . . . Utility 2 | . . 2 Weapon . | . . . Parts Attached 34 | 6 18 10 Power 5 | 1 4 . Engine 3 | 1 2 . Core 2 | . 2 . Reactor . | . . . Propulsion 7 | 2 4 1 Treads . | . . . Leg 7 | 2 4 1 Wheel . | . . . Hover . | . . . Flight . | . . . Utility 6 | . 3 3 Device . | . . . Storage 3 | . 3 . Processor 1 | . . 1 Hackware . | . . . Protection 2 | . . 2 Artifact . | . . . Weapon 16 | 3 7 6 Energy Gun 4 | 1 1 2 Energy Cannon . | . . . Ballistic Gun 7 | 2 4 1 Ballistic Cannon . | . . . Launcher 4 | . 2 2 Special Weapon 1 | . . 1 Impact Weapon . | . . . Slashing Weapon . | . . . Piercing Weapon . | . . . Special Melee Weapon . | . . . Unidentified Prototypes . | . . . Parts Lost 16 | . 5 11 Power 3 | . 2 1 Propulsion 5 | . 2 3 Utility 2 | . . 2 Weapon 6 | . 1 5 Highest Loss Streak 10 | . 2 10 Average Slot Usage (%) 94 | . 94 90 Engine 11 | . 11 9 Core 1 | . 1 . Leg 25 | . 27 18 Storage 24 | . 24 22 Protection 3 | . . 19 Energy Gun 4 | . 4 9 Ballistic Gun 12 | . 15 . Launcher 8 | . 8 9 Naked Turns . | . . . Heaviest Build 33 | 6 30 33 Greatest Support 20 | 20 20 20 Greatest Overweight (x) 5 | . 1 5 Average Overweight (x) . | . . 1 Largest Inventory Capacity 14 | 4 14 12 Average Capacity 10 | 4 11 12 Most Carried 12 | 4 12 12 Average Carried 9 | 2 10 10 Final Capacity 12 | 4 12 12 Final Carried 11 | 4 11 8 Class Distribution -------------------- 77% | Mutant 22% | Scavenger-Mutant Dominant Class ---------------- Mutant | -10/Materials Mutant | -9/Materials Resources | -11 -10 -9 ----------- Run | Scr Mat Mat Matter Collected 940 | 280 615 45 Remotely . | . . . Salvage Created 931 | 48 773 110 Parts 43 | 2 40 1 Haulers Intercepted . | . . . Recyclers Shooed . | . . . Parts Field Recycled . | . . . Retrieved Matter . | . . . Parts Self-Destructed . | . . . Prevented . | . . . Kills | -11 -10 -9 ------- Run | Scr Mat Mat Combat Hostiles Destroyed 26 | 1 21 4 Guns 17 | 1 16 . AOE 8 | . 5 3 Classes Destroyed 6 | 1 3 2 Worker 2 | . 1 1 Builder 1 | . 1 . Watcher 1 | . 1 . Grunt 24 | 1 21 2 Brawler 1 | . . 1 Sentry 1 | . . 1 Best Kill Streak 4 | 1 4 2 Combat Bots Only 4 | 1 4 2 Max Kills in Single Turn 2 | 1 2 2 Gunslinging . | . . . Exploded 2 | . 1 2 Melee . | . . . Uniques/NPCs Destroyed . | . . . Combat | -11 -10 -9 -------- Run | Scr Mat Mat Damage Taken 2242 | 51 991 1200 Core 541 | . 135 406 Absorbed by Shields . | . . . Core Remaining (%) 73 | 100 46 . Volleys Fired 105 | 5 77 23 Largest 2 | 2 2 2 Hottest 100 | 40 65 100 Shots Fired 179 | 10 134 35 Gun 142 | 10 118 14 Cannon . | . . . Launcher 36 | . 16 20 Special 1 | . . 1 Kinetic 121 | 10 110 1 Thermal 11 | . 8 3 Explosive 36 | . 16 20 Electromagnetic 11 | . . 11 Robot Hit Streak 17 | 3 17 7 Robot Miss Streak 3 | 2 3 1 Penetration Max . | . . . Secondary Targets 1 | . 1 . Max Gunslinging Chain 1 | . 1 . Shots Hit Robots 112 | 6 93 13 Core Hits 69 | 3 54 12 Critical Hits . | . . . Critical Kills . | . . . Critical Parts Destroyed . | . . . Melee Attacks . | . . . Impact . | . . . Slashing . | . . . Piercing . | . . . Sneak Attacks . | . . . Combat Hostiles . | . . . Follow-up Attacks . | . . . Damage Inflicted 2427 | 69 1619 739 Guns 1278 | 69 1080 129 Cannons . | . . . Explosions 1122 | . 536 586 Melee . | . . . Ramming 3 | . 3 . Kinetic 1117 | 69 1034 14 Thermal 82 | . 46 36 Explosive 1122 | . 536 586 Electromagnetic 103 | . . 103 Impact . | . . . Slashing . | . . . Piercing . | . . . Highest Corruption 2 | . 2 2 Average Corruption 1 | . 1 1 Corruption Purged . | . . . Effects 18 | . 14 4 Message Errors 4 | . 4 . Heat Flow Errors 4 | . 2 2 Energy Discharges 1 | . . 1 Data Loss (minor) 5 | . 5 . Targeting Errors 4 | . 3 1 Overload Shots . | . . . Overflow Damage 11 | . . 11 Projectiles . | . . . Explosions 11 | . . 11 Melee . | . . . Knockbacks . | . . . Impact . | . . . Kinetic . | . . . Secondary . | . . . Self-Inflicted Damage 8 | . 8 . Shots 1 | . 1 . Rammed 1 | . 1 . Targets Rammed 1 | . 1 . Kicked . | . . . Crushed . | . . . Highest Temperature 345 | 12 197 345 Average Temperature 69 | 7 36 106 Received Heat Transfer 1047 | 30 558 459 Siege Activations . | . . . Robots Corrupted 1 | . . 1 Combat Hostiles 1 | . . 1 Parts Fried 2 | . . 2 Impact Corruptions . | . . . Robots Melted . | . . . Combat Hostiles . | . . . Parts Melted . | . . . Heat Transferred 198 | . 111 87 Parts Sabotaged . | . . . Parts Stolen . | . . . Parts Stripped . | . . . Power Chain Reactions . | . . . Missiles Intercepted . | . . . Alert | -11 -10 -9 ------- Run | Scr Mat Mat Peak Influence 261 | 20 261 179 Average Influence 133 | 2 142 139 Maximum Alert Level 1 | . 1 . Low Security (%) 90 | 100 88 100 Level 1 9 | . 11 . Level 2 . | . . . Level 3 . | . . . Level 4 . | . . . Level 5 . | . . . High Security . | . . . Max Security . | . . . Squads Dispatched 7 | . 6 1 Investigation 4 | . 4 . Extermination . | . . . Reinforcement 3 | . 2 1 Assault . | . . . Garrison . | . . . Intercept . | . . . Construction Impeded . | . . . Haulers Reinforced . | . . . Stealth | -11 -10 -9 --------- Run | Scr Mat Mat Distress Signals 3 | . 2 1 Communications Jammed . | . . . Distress Signals . | . . . Times Spotted 45 | 1 35 9 Peak Tracking Total 6 | 1 6 6 Tactical Retreats . | . . . Traps | -11 -10 -9 ------- Run | Scr Mat Mat Traps Triggered 5 | . 3 2 Indirectly . | . . . Trap Hack Attempts . | . . . Triggered . | . . . Disarmed 1 | . 1 . Reprogrammed . | . . . Reused . | . . . Traps Extracted . | . . . Installed . | . . . Triggered . | . . . Machines | -11 -10 -9 ---------- Run | Scr Mat Mat Machines Disabled . | . . . Max in Single Turn . | . . . Machines Sabotaged . | . . . Garrisons Compromised . | . . . Overloaded Fab Kills . | . . . Fab Network Shutdowns . | . . . Hacking | -11 -10 -9 --------- Run | Scr Mat Mat Machines Accessed 9 | . 9 . Terminals 7 | . 7 . Fabricators . | . . . Repair Stations 1 | . 1 . Recycling Units 1 | . 1 . Scanalyzers . | . . . Garrison Access . | . . . Total Hacks 33 | . 33 . Successful 28 | . 28 . Failed 5 | . 5 . Catastrophic . | . . . Database Lockouts . | . . . Manual . | . . . Terminals 19 | . 19 . Fabricators . | . . . Repair Stations 7 | . 7 . Recycling Units 7 | . 7 . Scanalyzers . | . . . Garrison Access . | . . . Terminal Hacks 17 | . 17 . Record 11 | . 11 . Robot Analysis 1 | . 1 . Prototype ID Bank 1 | . 1 . Emergency Access Points 1 | . 1 . Alert Level 1 | . 1 . Disarm Traps 1 | . 1 . Zone Layout 1 | . 1 . Fabricator Hacks . | . . . Repair Station Hacks 5 | . 5 . Scan Component 3 | . 3 . Repair 2 | . 2 . Recycling Unit Hacks 6 | . 6 . Recycle Component 1 | . 1 . Process 3 | . 3 . Report Inventory 2 | . 2 . Scanalyzer . | . . . Garrison Access Hacks . | . . . Unauthorized Hacks . | . . . Terminals . | . . . Fabricators . | . . . Repair Stations . | . . . Recycling Units . | . . . Scanalyzers . | . . . Garrison Access . | . . . Data Cores Recovered . | . . . Used . | . . . Hacking Detections 4 | . 4 . Full Trace Events 4 | . 4 . Feedback Events 1 | . 1 . Corruption 1 | . 1 . Feedback Blocked . | . . . Robot Schematics Acquired . | . . . Robots Built . | . . . Matter . | . . . Time . | . . . Total Robot Build Rating . | . . . Part Schematics Acquired . | . . . Parts Built . | . . . Matter . | . . . Time . | . . . Total Part Build Rating . | . . . Parts Repaired 2 | . 2 . Time 64 | . 64 . Parts Recycled 1 | . 1 . Recycled Matter 20 | . 20 . Retrieved Matter . | . . . Retrieved Components . | . . . Parts Scanalyzed . | . . . Part Schematics Acquired . | . . . Parts Damaged . | . . . Bothacking | -11 -10 -9 ------------ Run | Scr Mat Mat Used RIF Installer . | . . . Robots Hacked . | . . . Non-combat . | . . . Combat . | . . . Robot Hacks Applied . | . . . Relay Couplers Released . | . . . Robots Rewired . | . . . Allies Hacked . | . . . Hacks Repelled . | . . . Allies | -11 -10 -9 -------- Run | Scr Mat Mat Total Allies . | . . . Largest Group . | . . . Highest-Rated Group . | . . . Highest-Rated Ally . | . . . Total Orders . | . . . Ally Attacks . | . . . Total Damage . | . . . Kills . | . . . Allies Corrupted . | . . . Allies Melted . | . . . Intel | -11 -10 -9 ------- Run | Scr Mat Mat Robot Analysis Total 1 | . 1 . Derelict Logs Recovered . | . . . Drone Launches . | . . . Drone Recoveries . | . . . Exploration | -11 -10 -9 ------------- Run | Scr Mat Mat Turns Passed 1823 | 108 1419 296 Spaces Moved 953 | 78 736 139 Core 30 | 22 . 8 Treads . | . . . Legs 923 | 56 736 131 Wheels . | . . . Hover . | . . . Flight . | . . . Fastest Speed 50 | 50 120 150 Average Speed 144 | 100 145 160 Slowest Speed 300 | 120 150 300 Overloaded Moves . | . . . Propulsion Burnouts . | . . . Robots Hopped . | . . . Cave-ins Triggered . | . . . Exploration Rate (%) 37 | 5 89 19 Regions Visited 2 Branch Regions . Pre-discovered Areas . | . . . Known Exits Taken . | . . . Unknown Exits Taken 2 | 1 1 . Scrap Searched . | . . . Spaces Dug . | . . . Terrain Destroyed 120 | . 76 44 Melee . | . . . Projectile . | . . . AOE 120 | . 76 44 Actions | -11 -10 -9 --------- Run | Scr Mat Mat Total 1227 | 98 953 176 Wait 77 | 1 76 . Move 951 | 77 735 139 Hop . | . . . Pick Up 43 | 9 30 4 Fast Attach 2 | . 2 . Attach 19 | 5 7 7 Detach . | . . . Swap 13 | 1 9 3 Drop 16 | . 16 . Fire 105 | 5 77 23 Melee . | . . . Ram . | . . . Kick 1 | . 1 . Crush . | . . . Escape Stasis . | . . . Rewire . | . . . Trap . | . . . Miscellaneous . | . . . Route ------- -11/Scrapyard -10/Materials (discovered 4 exits: [*Mat x3] / [*Min]) -9/Materials (discovered 1 exit: [*Min]) History --------- Turn | Location | Event 2 | -11/Scrapyard | Met Revision 17 73 | -11/Scrapyard | Discovered new exit (range 8) 109 | -11/Scrapyard | Entered Materials 129 | -10/Materials | Discovered new exit (range 13) 312 | -10/Materials | Build established: Mutant 478 | -10/Materials | Discovered new exit (range 8) 613 | -10/Materials | Repaired Lgt. Nuclear Core 639 | -10/Materials | Repaired Aluminum Leg 807 | -10/Materials | Discovered new exit (range 16) 1197 | -10/Materials | Build established: Scavenger-Mutant 1316 | -10/Materials | Core integrity fell below 50% 1387 | -10/Materials | Discovered new exit (range 11) 1528 | -10/Materials | Entered another Materials area 1528 | -9/Materials | Evolved 2 slots: Utility x2 1539 | -9/Materials | Discovered new exit (range 16) 1607 | -9/Materials | Build established: Mutant 1799 | -9/Materials | Core integrity fell below 50% 1816 | -9/Materials | Core integrity fell below 20% 1824 | -9/Materials | Destroyed by G-34 Mercenary with Small Laser Last Messages --------------- 01789_ The unstable cave ceiling collapses. 01789_ Lgt. Armor Plating destroyed. 01795_ Aluminum Leg destroyed. 01795_ Grenade Launcher destroyed. The Imp. Targeting Computer is a processor, a type of utility that is destroyed if removed (these are marked with a colon in the parts list, as a reminder). 01797_ The unstable cave ceiling collapses. 01798_ Mining Laser destroyed. 01799_ Aluminum Leg destroyed. 01804_ U-05 Engineer lays Concrete. 01806_ System corrupted: Heat flow error (+286). 01806_ U-05 Engineer lays Concrete. 01807_ The unstable cave ceiling collapses. 01807_ U-05 Engineer lays Concrete. 01808_ U-05 Engineer builds a Wall. 01816_ U-05 Engineer lays Concrete. 01817_ Assault Rifle destroyed. 01819_ U-05 Engineer lays Concrete. 01820_ U-05 Engineer builds a Wall. Map ----- +----------------------------------------------------+ | ???????????????????????????? #???### | | ???????????????????????????????? ####### | | ??????????????????????? ???????????????# | | ???????????????????????" ??????????????# | | ???????????????????????"" ???????????# | | ??????????????????????""" ???????????# ####### | | ??????????????????? ??""" ??????????# #?? | | ??????????????????# ?" ??????????# #?# | | ??????????????? ## """ ##+#+#????# #?# ! | | ??????????????? "" #????# #?# | | ???????????????? """ #????# #?# "" | | ????????????????? " #???##^ ^### """ | | ??????????????????# ##### ## """ | | ??????????????????# #????# ## """ | | ??????????????????# !!! ######+##### + "" | | ??????????????????# !! # # ## | | ??????????????????# !! # # = ##! | | ???????????????????# # ############ | | ???????????????????# # #??????????? | | ???????????????????# + #??????????? | | ???????????????????# # #??????????? | | ???????????????????# r t ############??????????? | | ????????????##+##### #????????????????????? | | ????# ##### #????????????????????? | | ????# #????????????????????? | | ????# u @ #????????????????????? | | ????# ####u## #????????????????????? | | ? ## % # #####????????????????????? | | ? # % g #????????????????????????? | | ? # = #????????????????????????? | | ?? # Y ##????????????????????????? | | ?? ## #?????????????????????????? | | ?? ## ""##?????????????????????????? | | ??? ##= T"#??????????????????????????? | | ???########## ## ""#??????????????????????????? | | ????????????# # #??????????????????????????? | | ????????????# #######??????????????????????????? | | ????????????# ?????????????????????????????????? | | ????????????+ ?????????????????????????????????? | | ????????????# ?????????????????????????????????? | | ????????????? ?????????????????????????????????? | | ?????????????????????????????????????????????????? | | ?????????????????????????????????????????????????? | | ?????????????????????????????????????????????????? | | ?????????????????????????????????????????????????? | | ?????????????????????????????????????????????????? | | ?????????????????????????????????????????????????? | | ?????????????????????????????????????????????????? | | ?????????????????????????????????????????????????? | | ?????????????????????????????????????????????????? | +----------------------------------------------------+ Best States ------------- Heat Dissipation 28 Energy Generation 14 Energy Capacity 250 Matter Stores 300 Matter Capacity 300 Sight Range 16 Terrain Scan Density 10 Armor Coverage 300 Evasion (%) 50 Targeting Accuracy 6 Item Schematics ----------------- None Robot Schematics ------------------ None Fabricated ------------ Nothing Alien Tech Used ----------------- None Achievements -------------- Crack Shot Librarian Oops Power Corrupts Challenges ------------ None Game ------ Seed SupersonicShadeBeam Manual? 0 Play Time 00:39:34 Cumulative 1.9 hours Start 2020.06.04 @ 19:04:54 End 2020.06.04 @ 19:54:50 Sessions 3 Manual Loads 0 Difficulty Rogue Special Mode None Game No. 2 Rogue 2 Adventurer 0 Explorer 0 Win Type - Total 0 Types 0/0/0/0/0/0/0 Lore% 1 Gallery% 2 Achievement% 3 Wizard Run 0 Options --------- ASCII 0 Keyboard 0 Movement Mouse Keybinds 0 Fullscreen 2 Font 18/SmallcapsGlow Map View 76x50 Tactical HUD 1 Map Filters NONE Filters NONE Steam 1 RUN: 7c1a43c8-ee40-4d2a-b51e-1b6d8372a0b1